SL
GRAFTON MIDDIES @ NEW AMSTERDAM REPUBLICS
09/22/2025
 
TOP OF THE 1ST
Grafton Middies batting - Pitching for New Amsterdam Republics : RHP Bobby Swain
Pitching: RHP Bobby Swain
Batting: RHB Dave Ash 0-0: Bunt for hit - play at first, batter OUT! 5-3
Batting: RHB Carlos Maldonado 0-0: Called Strike
0-1: Ball
1-1: Ball
2-1: Ground out 5-3 (Groundball, 56)
Batting: LHB Mario Ramos 0-0: Called Strike
0-1: Swinging Strike
0-2: Ball
1-2: Strikes out swinging
Top of the 1st over - 0 run(s), 0 hit(s), 0 error(s), 0 left on base; Grafton 0 - New Amsterdam 0
BOTTOM OF THE 1ST
New Amsterdam Republics batting - Pitching for Grafton Middies : RHP António Marés
Pitching: RHP António Marés
Batting: RHB John Burton 0-0: Ball
1-0: Ball
2-0: Ball
3-0: Base on Balls
Batting: RHB Alfredo Suárez 0-0: Foul Ball, location: 2F
0-1: Ball
Throwing error on steal attempt, E2
John Burton to third
1-1: Ball
2-1: Fly out, F9 (Flyball, 89D)
Runner from 3rd tags up, SCORES, no throw
Batting: RHB Hank Wilder 0-0: Called Strike
0-1: Ball
1-1: Ball
2-1: Foul Ball, location: 2F
2-2: Fly out, F9 (Flyball, 89M)
Batting: LHB Félix López 0-0: Ball
1-0: Ball
2-0: Called Strike
2-1: Ball
3-1: Base on Balls
Batting: RHB António Pérez 0-0: Swinging Strike
0-1: Ball
1-1: Ball
2-1: SINGLE (Groundball, 34D)
Félix López to second
Runner from 2nd tries for 3rd, OUT!
Bottom of the 1st over - 1 run(s), 1 hit(s), 1 error(s), 1 left on base; Grafton 0 - New Amsterdam 1
TOP OF THE 2ND
Grafton Middies batting - Pitching for New Amsterdam Republics : RHP Bobby Swain
Batting: RHB Stefano Gaddi 0-0: Swinging Strike
0-1: Foul Ball, location: 2F
0-2: Ball
1-2: Ball
2-2: Strikes out swinging
Batting: RHB Ramón Gómez 0-0: Ball
1-0: Ball
2-0: Ball
3-0: Called Strike
3-1: Foul Ball, location: 2F
3-2: Foul Ball, location: 2F
3-2: Foul Ball, location: 2F
3-2: Base on Balls
Batting: RHB Jarred Morgan 0-0: Called Strike
0-1: Ball
1-1: Foul Ball, location: 2F
1-2: Ball
2-2: Foul Ball, location: 2F
2-2: Ball
3-2: Foul Ball, location: 2F
3-2: Strikes out swinging
Batting: LHB Ramón Rivera 0-0: Ball
1-0: Called Strike
1-1: Called Strike
Ramón Gómez is caught stealing 2nd base
Top of the 2nd over - 0 run(s), 0 hit(s), 0 error(s), 0 left on base; Grafton 0 - New Amsterdam 1
BOTTOM OF THE 2ND
New Amsterdam Republics batting - Pitching for Grafton Middies : RHP António Marés
Batting: LHB Eric Ward 0-0: Ball
1-0: Ball
2-0: Called Strike
2-1: Ball
3-1: Base on Balls
Batting: RHB Cory Hansen 0-0: Ball
1-0: Swinging Strike
1-1: Called Strike
1-2: Fly out, F8 (Flyball, 8RM)
Batting: RHB Ed Hopkins 0-0: Reached on error, E5 (Groundball, 5)
Eric Ward to second
Batting: RHB Omar Schuler 0-0: Foul Ball, location: 2F
0-1: Foul Ball, location: 2F
0-2: Ball
1-2: SINGLE (Line Drive, 7S)
Eric Ward to third
Ed Hopkins to second
Runner from 3rd tries for Home, SAFE, throw made home
Ed Hopkins to third
Omar Schuler to second
Batting: RHB John Burton 0-0: Swinging Strike
0-1: Foul Ball, location: 2F
0-2: Strikes out swinging
Batting: RHB Alfredo Suárez 0-0: Ball
1-0: Ball
2-0: Foul Ball, location: 2F
2-1: Ball
3-1: Ground out 6-3 (Groundball, 6)
Bottom of the 2nd over - 1 run(s), 1 hit(s), 1 error(s), 2 left on base; Grafton 0 - New Amsterdam 2
TOP OF THE 3RD
Grafton Middies batting - Pitching for New Amsterdam Republics : RHP Bobby Swain
Batting: LHB Ramón Rivera 0-0: Ball
1-0: Ball
2-0: Foul Ball, location: 2F
2-1: Foul Ball, location: 2F
2-2: Ball
3-2: Strikes out swinging
Batting: LHB Lawrence Washington 0-0: Ball
1-0: Called Strike
1-1: Fly out, F8 (Flyball, 8RM)
Batting: RHB Dennis Clifton 0-0: Ball
1-0: Called Strike
1-1: Fly out, F8 (Flyball, 8LM)
Top of the 3rd over - 0 run(s), 0 hit(s), 0 error(s), 0 left on base; Grafton 0 - New Amsterdam 2
BOTTOM OF THE 3RD
New Amsterdam Republics batting - Pitching for Grafton Middies : RHP António Marés
Batting: RHB Hank Wilder 0-0: Ball
1-0: Fly out, F9 (Flyball, 89S)
Batting: LHB Félix López 0-0: Foul Ball, location: 2F
0-1: Foul Ball, location: 2F
0-2: Ground out 1-3 (Groundball, 13S)
Batting: RHB António Pérez 0-0: Ball
1-0: Called Strike
1-1: Foul Ball, location: 2F
1-2: Ball
2-2: Hit by Pitch
Batting: LHB Eric Ward 0-0: Ball
1-0: Ground out 1-3 (Groundball, 13S)
Bottom of the 3rd over - 0 run(s), 0 hit(s), 0 error(s), 1 left on base; Grafton 0 - New Amsterdam 2
TOP OF THE 4TH
Grafton Middies batting - Pitching for New Amsterdam Republics : RHP Bobby Swain
Batting: RHB Dave Ash 0-0: Ball
1-0: Ground out U3 (Groundball, 34)
Batting: RHB Carlos Maldonado 0-0: Ground out 5-3 (Groundball, 56)
Batting: LHB Mario Ramos 0-0: Ball
1-0: Foul Ball, location: 2F
1-1: Ball
2-1: Foul Ball, location: 2F
2-2: Strikes out swinging
Top of the 4th over - 0 run(s), 0 hit(s), 0 error(s), 0 left on base; Grafton 0 - New Amsterdam 2
BOTTOM OF THE 4TH
New Amsterdam Republics batting - Pitching for Grafton Middies : RHP António Marés
Batting: RHB Cory Hansen 0-0: Called Strike
0-1: Foul Ball, location: 2F
0-2: Ball
1-2: Fly out, F9 (Line Drive, 9)
Batting: RHB Ed Hopkins 0-0: Fly out, F4 (Popup, 4M)
Batting: RHB Omar Schuler 0-0: Called Strike
0-1: Called Strike
0-2: Foul Ball, location: 2F
0-2: Fly out, F8 (Flyball, 89S)
Bottom of the 4th over - 0 run(s), 0 hit(s), 0 error(s), 0 left on base; Grafton 0 - New Amsterdam 2
TOP OF THE 5TH
Grafton Middies batting - Pitching for New Amsterdam Republics : RHP Bobby Swain
Batting: RHB Stefano Gaddi 0-0: Ball
1-0: Ball
2-0: Ball
3-0: Called Strike
3-1: Base on Balls
Batting: RHB Ramón Gómez 0-0: Called Strike
0-1: Foul Ball, location: 2F
0-2: SINGLE (Line Drive, 6MD)
Stefano Gaddi to second
Batting: RHB Jarred Morgan 0-0: Swinging Strike
0-1: Ball
1-1: Ball
2-1: 3-RUN HOME RUN (Flyball, 89XD), Distance : 432 ft
Batting: LHB Ramón Rivera 0-0: Ball
1-0: Called Strike
1-1: Called Strike
1-2: Strikes out looking
Batting: LHB Lawrence Washington 0-0: Foul Ball, location: 2F
0-1: Ball
1-1: Foul Ball, location: 2F
1-2: Ball
2-2: Ball
3-2: Base on Balls
Batting: RHB Dennis Clifton 0-0: Ball
1-0: Fly out, F8 (Flyball, 8LS)
Batting: RHB Dave Ash 0-0: Ball
1-0: Swinging Strike
1-1: Swinging Strike
1-2: Strikes out swinging
Top of the 5th over - 3 run(s), 2 hit(s), 0 error(s), 1 left on base; Grafton 3 - New Amsterdam 2
BOTTOM OF THE 5TH
New Amsterdam Republics batting - Pitching for Grafton Middies : RHP António Marés
Batting: RHB John Burton 0-0: Called Strike
0-1: Ball
1-1: Foul Ball, location: 2F
1-2: Strikes out swinging
Batting: RHB Alfredo Suárez 0-0: Ground out 4-3 (Groundball, 4)
Batting: RHB Hank Wilder 0-0: Foul Ball, location: 2F
0-1: Foul Ball, location: 2F
0-2: Ball
1-2: Foul Ball, location: 2F
1-2: Strikes out swinging
Bottom of the 5th over - 0 run(s), 0 hit(s), 0 error(s), 0 left on base; Grafton 3 - New Amsterdam 2
TOP OF THE 6TH
Grafton Middies batting - Pitching for New Amsterdam Republics : RHP Bobby Swain
Batting: RHB Carlos Maldonado 0-0: Called Strike
0-1: Foul Ball, location: 2F
0-2: SINGLE (Line Drive, 34D)
Batting: LHB Mario Ramos 0-0: Called Strike
Carlos Maldonado is caught stealing 2nd base
0-1: Swinging Strike
0-2: Strikes out swinging
Batting: RHB Stefano Gaddi 0-0: Called Strike
0-1: Ball
1-1: SINGLE (Groundball, 56D)
Batting: RHB Ramón Gómez 0-0: Ball
1-0: Foul Ball, location: 2F
1-1: Ball
2-1: Ball
3-1: Base on Balls
Stefano Gaddi to second
Batting: RHB Jarred Morgan 0-0: Ball
1-0: Called Strike
1-1: Called Strike
1-2: Ground out 5-3 (Groundball, 56)
Top of the 6th over - 0 run(s), 2 hit(s), 0 error(s), 2 left on base; Grafton 3 - New Amsterdam 2
BOTTOM OF THE 6TH
New Amsterdam Republics batting - Pitching for Grafton Middies : RHP António Marés
Batting: LHB Félix López 0-0: Ball
1-0: Swinging Strike
1-1: Ball
2-1: Ball
3-1: Base on Balls
Batting: RHB António Pérez 0-0: Swinging Strike
0-1: Called Strike
0-2: Ball
1-2: Ball
2-2: Strikes out looking
Batting: LHB Eric Ward 0-0: Ball
1-0: Ball
2-0: Ball
3-0: Called Strike
3-1: Base on Balls
Félix López to second
Batting: RHB Cory Hansen 0-0: Ball
1-0: Ball
2-0: Grounds into double play, 6-4-3 (Groundball, 6)
Bottom of the 6th over - 0 run(s), 0 hit(s), 0 error(s), 1 left on base; Grafton 3 - New Amsterdam 2
TOP OF THE 7TH
Grafton Middies batting - Pitching for New Amsterdam Republics : RHP Bobby Swain
Batting: LHB Ramón Rivera 0-0: Ball
1-0: Swinging Strike
1-1: Fly out, F7 (Flyball, 7S)
Batting: LHB Lawrence Washington 0-0: Called Strike
0-1: Ball
1-1: Called Strike
1-2: Foul Ball, location: 2F
1-2: Ground out 4-3 (Groundball, 4S)
Batting: RHB Dennis Clifton 0-0: Ball
1-0: Called Strike
1-1: Called Strike
1-2: Ball
2-2: Ball
3-2: Foul Ball, location: 2F
3-2: Foul Ball, location: 2F
3-2: Base on Balls
Pitching: LHP Frenk Norman
Batting: RHB Dave Ash 0-0: Ball
1-0: Swinging Strike
1-1: Ball
2-1: Ball
3-1: Fielders Choice at 2nd, 4-6 (Groundball, 4)
Top of the 7th over - 0 run(s), 0 hit(s), 0 error(s), 0 left on base; Grafton 3 - New Amsterdam 2
BOTTOM OF THE 7TH
New Amsterdam Republics batting - Pitching for Grafton Middies : RHP António Marés
Now at C: Jorge Colomo
Batting: RHB Ed Hopkins 0-0: SINGLE (Groundball, 6D)
Pinch Hitting: RHB Quincy van Enk 0-0: Fly out, F3 (Popup, 3)
Pinch Hitting: LHB Steve Ingram 0-0: Ball
1-0: Foul Ball, location: 2F
1-1: Ball
2-1: Foul Ball, location: 2F
2-2: Foul Ball, location: 2F
2-2: Ball
3-2: Strikes out swinging
Batting: RHB Alfredo Suárez 0-0: Swinging Strike
0-1: Ball
1-1: Ball
2-1: Swinging Strike
2-2: Ground out 5-3 (Groundball, 56S)
Bottom of the 7th over - 0 run(s), 1 hit(s), 0 error(s), 1 left on base; Grafton 3 - New Amsterdam 2
TOP OF THE 8TH
Grafton Middies batting - Pitching for New Amsterdam Republics : LHP Frenk Norman
Now at 2B: Joe Sutton
Now in RF: Steve Ingram
Batting: RHB Carlos Maldonado 0-0: Called Strike
0-1: Foul Ball, location: 2F
0-2: Ground out 6-3 (Groundball, 6)
Batting: LHB Mario Ramos 0-0: Ball
1-0: Ball
2-0: DOUBLE (Line Drive, 7LM)
Batting: RHB Stefano Gaddi 0-0: Called Strike
0-1: Swinging Strike
0-2: Ball
1-2: Strikes out swinging
Batting: RHB Ramón Gómez 0-0: Ball
1-0: Ball
2-0: Foul Ball, location: 2F
2-1: Foul Ball, location: 2F
2-2: Ball
3-2: Base on Balls
Batting: RHB Jarred Morgan 0-0: Called Strike
0-1: Ball
1-1: Ball
2-1: Called Strike
2-2: SINGLE (Groundball, 4MS) (infield hit)
Mario Ramos to third
Ramón Gómez to second
Pinch Hitting: SHB Jack MacAsgill 0-0: Ball
1-0: Ball
2-0: Ball
3-0: Base on Balls
Mario Ramos scores
Ramón Gómez to third
Jarred Morgan to second
Batting: LHB Lawrence Washington 0-0: DOUBLE (Line Drive, 8RM)
Ramón Gómez scores
Jarred Morgan scores
Jack MacAsgill to third
Runner from 3rd tries for Home, SAFE, no throw
Pitching: RHP Neil Gilliam
Batting: SHB Jorge Colomo 0-0: Fly out, F8 (Flyball, 8LD)
Top of the 8th over - 4 run(s), 3 hit(s), 0 error(s), 1 left on base; Grafton 7 - New Amsterdam 2
BOTTOM OF THE 8TH
New Amsterdam Republics batting - Pitching for Grafton Middies : RHP António Marés
Now in CF: Jack MacAsgill
Batting: RHB Hank Wilder 0-0: Foul Ball, location: 2F
0-1: Ball
1-1: SOLO HOME RUN (Flyball, 7D), Distance : 401 ft
Batting: LHB Félix López 0-0: Ball
1-0: Foul Ball, location: 2F
1-1: TRIPLE (Line Drive, 3L)
Batting: RHB António Pérez 0-0: Called Strike
0-1: Foul Ball, location: 2F
0-2: Foul Ball, location: 2F
0-2: Ball
1-2: Foul Ball, location: 2F
1-2: Ball
2-2: Strikes out swinging
Pitching: RHP Frank Morse
Batting: LHB Eric Ward 0-0: Foul Ball, location: 2F
0-1: Foul Ball, location: 2F
0-2: Foul Ball, location: 2F
0-2: Ball
1-2: Foul Ball, location: 2F
1-2: Ground out 4-3 (Groundball, 4)
Félix López scores
Batting: RHB Cory Hansen 0-0: Called Strike
0-1: Called Strike
0-2: Ball
1-2: Foul Ball, location: 2F
1-2: Foul Ball, location: 2F
1-2: SINGLE (Flyball, 89S)
Pitching: RHP Truman Valentine
Batting: RHB Ed Hopkins 0-0: Ball
1-0: Ball
2-0: Ball
3-0: Called Strike
3-1: Swinging Strike
3-2: Base on Balls
Cory Hansen to second
Batting: LHB Joe Sutton 0-0: Called Strike
0-1: Ball
1-1: Ball
2-1: DOUBLE (Line Drive, 9LS)
Cory Hansen scores
Ed Hopkins to third
Batting: LHB Steve Ingram 0-0: Swinging Strike
0-1: SINGLE (Line Drive, 8RS)
Ed Hopkins scores
Joe Sutton to third
Runner from 3rd tries for Home, SAFE, no throw
Batting: RHB Alfredo Suárez 0-0: Fielders Choice at 2nd, 6-4 (Groundball, 6)
Bottom of the 8th over - 5 run(s), 5 hit(s), 0 error(s), 0 left on base; Grafton 7 - New Amsterdam 7
TOP OF THE 9TH
Grafton Middies batting - Pitching for New Amsterdam Republics : RHP Neil Gilliam
Pitching: RHP Gavin Blackburn
Batting: RHB Dave Ash 0-0: Foul Ball, location: 2F
0-1: Ball
1-1: Foul Ball, location: 2F
1-2: Fly out, F3 (Line Drive, 3)
Batting: RHB Carlos Maldonado 0-0: Called Strike
0-1: Ball
1-1: Fly out, F6 (Line Drive, 6M)
Batting: LHB Mario Ramos 0-0: Called Strike
0-1: Ground out 6-3 (Groundball, 56)
Top of the 9th over - 0 run(s), 0 hit(s), 0 error(s), 0 left on base; Grafton 7 - New Amsterdam 7
BOTTOM OF THE 9TH
New Amsterdam Republics batting - Pitching for Grafton Middies : RHP Truman Valentine
Batting: RHB Hank Wilder 0-0: Foul Ball, location: 2F
0-1: Ball
1-1: Ball
2-1: Fly out, F6 (Line Drive, 6)
Batting: LHB Félix López 0-0: Swinging Strike
0-1: Ball
1-1: Swinging Strike
1-2: Strikes out swinging
Batting: RHB António Pérez 0-0: Called Strike
0-1: Ball
1-1: Swinging Strike
1-2: Strikes out swinging
Bottom of the 9th over - 0 run(s), 0 hit(s), 0 error(s), 0 left on base; Grafton 7 - New Amsterdam 7
TOP OF THE 10TH
Grafton Middies batting - Pitching for New Amsterdam Republics : RHP Gavin Blackburn
Batting: RHB Stefano Gaddi 0-0: Fly out, F9 (Flyball, 9LM)
Batting: RHB Ramón Gómez 0-0: Swinging Strike
0-1: Ball
1-1: SINGLE (Line Drive, 6M)
Batting: RHB Jarred Morgan 0-0: Fielders Choice at 2nd, 4-6 (Groundball, 4)
Batting: SHB Jack MacAsgill 0-0: Ball
Jarred Morgan is caught stealing 2nd base
Top of the 10th over - 0 run(s), 1 hit(s), 0 error(s), 0 left on base; Grafton 7 - New Amsterdam 7
BOTTOM OF THE 10TH
New Amsterdam Republics batting - Pitching for Grafton Middies : RHP Truman Valentine
Batting: LHB Eric Ward 0-0: Ball
1-0: Foul Ball, location: 2F
1-1: Ball
2-1: Called Strike
2-2: Ground out U3 (Groundball, 3)
Batting: RHB Cory Hansen 0-0: Ball
1-0: Swinging Strike
1-1: Ball
2-1: Foul Ball, location: 2F
2-2: Ball
3-2: Strikes out swinging
Batting: RHB Ed Hopkins 0-0: Ball
1-0: Swinging Strike
1-1: Ball
2-1: Swinging Strike
2-2: Ball
3-2: Fly out, F8 (Flyball, 8RD)
Bottom of the 10th over - 0 run(s), 0 hit(s), 0 error(s), 0 left on base; Grafton 7 - New Amsterdam 7
TOP OF THE 11TH
Grafton Middies batting - Pitching for New Amsterdam Republics : RHP Gavin Blackburn
Pitching: RHP Ramón Lara
Batting: SHB Jack MacAsgill 0-0: Foul Ball, location: 2F
0-1: Ball
1-1: Ball
2-1: Fly out, F8 (Line Drive, 89D)
Batting: LHB Lawrence Washington 0-0: Called Strike
0-1: Fly out, F7 (Flyball, 7LS)
Batting: SHB Jorge Colomo 0-0: Ball
1-0: Ball
2-0: SINGLE (Line Drive, 34)
Batting: RHB Dave Ash 0-0: Ball
1-0: Ball
2-0: Called Strike
2-1: Called Strike
2-2: Fielders Choice at 2nd, 4-6 (Groundball, 4)
Top of the 11th over - 0 run(s), 1 hit(s), 0 error(s), 0 left on base; Grafton 7 - New Amsterdam 7
BOTTOM OF THE 11TH
New Amsterdam Republics batting - Pitching for Grafton Middies : RHP Truman Valentine
Batting: LHB Joe Sutton 0-0: Called Strike
0-1: Ball
1-1: Called Strike
1-2: Ball
2-2: Strikes out swinging
Batting: LHB Steve Ingram 0-0: Ball
1-0: Ball
2-0: Called Strike
2-1: Foul Ball, location: 2F
2-2: Ball
3-2: Strikes out swinging
Batting: RHB Alfredo Suárez 0-0: Ball
1-0: Foul Ball, location: 2F
1-1: Called Strike
1-2: SINGLE (Line Drive, 78S)
Pitching: RHP Lynwood Matos
Batting: RHB Hank Wilder 0-0: Ball
1-0: Called Strike
1-1: Called Strike
1-2: Strikes out looking
Bottom of the 11th over - 0 run(s), 1 hit(s), 0 error(s), 1 left on base; Grafton 7 - New Amsterdam 7
TOP OF THE 12TH
Grafton Middies batting - Pitching for New Amsterdam Republics : RHP Ramón Lara
Batting: RHB Carlos Maldonado 0-0: Ball
1-0: Ball
2-0: Foul Ball, location: 2F
2-1: Ground out 5-3 (Groundball, 5)
Batting: LHB Mario Ramos 0-0: Swinging Strike
0-1: Swinging Strike
0-2: Strikes out looking
Batting: RHB Stefano Gaddi 0-0: Called Strike
0-1: Ground out 6-3 (Groundball, 6)
Top of the 12th over - 0 run(s), 0 hit(s), 0 error(s), 0 left on base; Grafton 7 - New Amsterdam 7
BOTTOM OF THE 12TH
New Amsterdam Republics batting - Pitching for Grafton Middies : RHP Lynwood Matos
Batting: LHB Félix López 0-0: Called Strike
0-1: Ball
1-1: Foul Ball, location: 2F
1-2: Strikes out swinging
Batting: RHB António Pérez 0-0: Ball
1-0: Ball
2-0: DOUBLE (Flyball, 89D)
Batting: LHB Eric Ward 0-0: Intentional Walk
Batting: RHB Cory Hansen 0-0: Ball
1-0: Ball
2-0: Swinging Strike
2-1: Ball
3-1: Foul Ball, location: 2F
3-2: Ground out 5-3 (Groundball, 56D)
António Pérez to third
Eric Ward to second
Batting: RHB Ed Hopkins 0-0: Ball
1-0: Fly out, F9 (Flyball, 89S)
Bottom of the 12th over - 0 run(s), 1 hit(s), 0 error(s), 2 left on base; Grafton 7 - New Amsterdam 7
TOP OF THE 13TH
Grafton Middies batting - Pitching for New Amsterdam Republics : RHP Ramón Lara
Batting: RHB Ramón Gómez 0-0: Ball
1-0: Swinging Strike
1-1: Ball
2-1: SINGLE (Groundball, 6M) (infield hit)
Batting: RHB Jarred Morgan 0-0: Bunted foul
0-1: Bunted foul
0-2: Ball
1-2: Strikes out swinging
Ramón Gómez steals 2nd base
Batter strikes out.
Batting: SHB Jack MacAsgill 0-0: Called Strike
0-1: Called Strike
0-2: Foul Ball, location: 2F
0-2: Foul Ball, location: 2F
0-2: Ball
1-2: Ball
2-2: SINGLE (Groundball, 34D)
Ramón Gómez to third
Runner from 3rd tries for Home, throw and OUT!
Jack MacAsgill to second
Batting: LHB Lawrence Washington 0-0: DOUBLE (Groundball, 5L)
Jack MacAsgill scores
Batting: SHB Jorge Colomo 0-0: Called Strike
0-1: Ball
1-1: Ball
2-1: Foul Ball, location: 2F
2-2: Foul Ball, location: 2F
2-2: Ball
3-2: Strikes out swinging
Top of the 13th over - 1 run(s), 3 hit(s), 0 error(s), 1 left on base; Grafton 8 - New Amsterdam 7
BOTTOM OF THE 13TH
New Amsterdam Republics batting - Pitching for Grafton Middies : RHP Lynwood Matos
Batting: LHB Joe Sutton 0-0: Ball
1-0: Called Strike
1-1: Fly out, F7 (Flyball, 78S)
Batting: LHB Steve Ingram 0-0: Ball
1-0: Called Strike
1-1: Foul Ball, location: 2F
1-2: Foul Ball, location: 2F
1-2: Foul Ball, location: 2F
1-2: Foul Ball, location: 2F
1-2: Foul Ball, location: 2F
1-2: Foul Ball, location: 2F
1-2: Ground out 3-1 (Groundball, 34S)
Pitching: RHP Andy Perry
Batting: RHB Alfredo Suárez 0-0: SINGLE (Line Drive, 78S)
Batting: RHB Hank Wilder 0-0: Called Strike
0-1: Swinging Strike
0-2: Ball
1-2: Strikes out swinging
Bottom of the 13th over - 0 run(s), 1 hit(s), 0 error(s), 1 left on base; Grafton 8 - New Amsterdam 7
Friday, December 30th, 2016 - OOTP Baseball 17.12 Build 75